Map: Dreamcatcher LE

Players

MarineLorD

  • Race: Terran Terran
  • League: Master
  • Spawn Location: 5:00

Harstem - Winner!

  • Race: Protoss Protoss
  • League: Master
  • Spawn Location: 11:00

Event: HomeStory Cup XVIII

VOD

Have the link to the VOD?

Description

Time

  • Played on: Nov. 22, 2018, 12:28 p.m.
  • Length: 16:23

All games in this series

Show
View Real Time Build Order
Export as new Build Order

MarineLorD Terran 

Build Orders: Gas First Reaper Expand, Reaper Expand 

Get SALT Encoding   

  12  0:00  SCV  
  13  0:12  SCV  
  14  0:17  Supply Depot  
  14  0:25  SCV  
  15  0:32  Refinery  
  15  0:39  SCV  
  16  0:44  Barracks  
  16  0:51  SCV  
  17  1:03  SCV  
  18  1:15  SCV  
  19  1:30  Orbital Command  
  19  1:31  Reaper  
  20  1:43  Command Center  
  20  1:54  Factory  
  20  1:58  SCV  
  21  2:05  Supply Depot  
  21  2:10  SCV, Barracks Reactor  
  22  2:15  Refinery  
  22  2:22  SCV  
  23  2:34  SCV  
  24  2:41  Factory Tech Lab  
  24  2:46  Marine x2  
  24  2:47  SCV  
  24  2:49  Supply Depot  
  27  2:59  SCV  
  27  3:09  Marine x2  
  27  3:11  SCV  
  31  3:15  Siege Tank  
  31  3:16  Orbital Command  
  33  3:20  Armory  
  33  3:25  SCV  
  34  3:28  Marine  
  34  3:30  Marine  
  36  3:37  SCV  
  37  3:44  SCV  
  37  3:46  Marine  
  37  3:48  Marine  
  40  3:49  Widow Mine, SCV  
  43  3:56  SCV  
  43  3:59  Supply Depot  
  43  4:02  SCV  
  45  4:04  Marine  
  45  4:05  Marine  
  45  4:07  Drilling Claws  
  45  4:09  SCV  
  48  4:11  Widow Mine  
  50  4:17  SCV  
  50  4:21  Supply Depot, Marine  
  50  4:23  Marine  
  50  4:24  Starport  
  53  4:25  SCV  
  53  4:29  SCV  
  55  4:34  Widow Mine  
  55  4:37  SCV  
  58  4:39  Marine  
  58  4:41  Marine  
  58  4:42  SCV  
  61  4:47  Supply Depot  
  61  4:52  Command Center  
  61  4:54  SCV x2  
  61  4:57  Widow Mine  
  65  5:04  Marine x2  
  65  5:06  SCV  
  65  5:07  SCV  
  57  5:18  SCV  
  57  5:19  SCV  
  53  5:30  SCV  
  53  5:33  Viking  
  53  5:38  SCV  
  53  5:39  Marine  
  53  5:40  Widow Mine x2  
  53  5:41  Stimpack  
  59  5:44  SCV  
  59  5:49  Barracks  
  60  5:50  Barracks  
  60  5:53  SCV  
  61  5:57  Marine  
  61  5:58  SCV  
  61  6:02  Widow Mine x2  
  61  6:03  Medivac  
  68  6:05  SCV  
  68  6:07  Orbital Command  
  69  6:11  SCV  
  69  6:15  Marauder  
  72  6:19  SCV  
  72  6:24  Barracks  
  73  6:26  Barracks  
  73  6:28  Widow Mine x2  
  73  6:32  SCV  
  78  6:33  Medivac  
  78  6:37  Marauder  
  82  6:40  Engineering Bay, Barracks Reactor, Barracks Tech Lab  
  82  6:41  Engineering Bay  
  82  6:42  SCV  
  82  6:43  Refinery  
  82  6:46  SCV  
  84  6:47  Refinery  
  84  6:55  SCV, Orbital Command  
  84  6:59  SCV  
  84  7:00  Supply Depot  
  84  7:01  Supply Depot  
  86  7:03  Factory Reactor  
  86  7:05  Supply Depot, Marauder x2  
  86  7:06  Combat Shield  
  86  7:07  SCV  
  91  7:14  SCV  
  92  7:24  SCV  
  92  7:27  Marauder x2, Barracks Reactor, Barracks Tech Lab  
  92  7:28  Marine x2  
  99  7:30  Supply Depot  
  99  7:31  SCV  
  99  7:32  Supply Depot  
  99  7:36  Medivac  
  104  7:41  Widow Mine x2  
  108  7:45  SCV  
  108  7:47  SCV x2  
  111  7:53  Terran Infantry Weapons Level 1  
  111  7:54  Terran Infantry Armor Level 1  
  111  7:56  Marauder  
  111  7:57  SCV  
  110  7:59  Refinery, SCV x2  
  110  8:01  Marauder  
  110  8:03  Refinery  
  110  8:05  Marine  
  110  8:06  Marauder  
  110  8:09  Marine  
  104  8:13  SCV x2  
  104  8:15  SCV  
  104  8:17  Marauder  
  107  8:22  Marauder  
  107  8:25  Marine, Concussive Shells, SCV x2  
  107  8:26  Marine x2  
  113  8:27  Marauder  
  113  8:31  SCV  
  113  8:34  Medivac x2  
  116  8:37  SCV x2  
  116  8:41  Marine, Marauder  
  120  8:43  Marine, SCV  
  120  8:44  Marauder  
  120  8:45  Marine  
  121  8:49  SCV  
  121  8:54  Marine  
  121  8:55  Marauder  
  125  8:59  Marine  
  125  9:00  Bunker  
  125  9:01  Supply Depot  
  126  9:04  Supply Depot, Medivac x2  
  126  9:06  Supply Depot, SCV x2  
  126  9:07  SCV  
  126  9:08  Supply Depot  
  133  9:12  Marauder  
  133  9:13  Marine  
  133  9:16  Marauder  
  132  9:20  Widow Mine, Liberator x2  
  132  9:21  Marine  
  132  9:23  Widow Mine, Marauder  
  137  9:28  Command Center, SCV x2  
  137  9:30  Marine x2  
  141  9:31  Marine  
  141  9:33  Supply Depot  
  141  9:36  Marauder  
  150  9:41  Widow Mine  
  150  9:42  Marauder, Marine  
  150  9:44  Widow Mine  
  150  9:45  Marauder  
  158  9:48  Marine  
  158  9:49  SCV x2  
  158  9:51  Marine  
  161  9:53  Marine  
  161  9:57  Marauder  
  162  10:00  Terran Infantry Armor Level 2, Marine, Terran Infantry Weapons Level 2  
  162  10:13  Marauder  
  157  10:17  Marauder  
  157  10:19  Marauder  
  133  10:23  Marine  
  133  10:27  Marine  
  129  10:34  Marauder  
  129  10:38  Marauder  
  129  10:40  Marauder  
  129  10:42  Marine x2  
  134  10:46  Marine  
  134  10:50  Supply Depot  
  134  10:51  SCV x2  
  134  10:56  Marauder  
  135  10:59  Marine, Marauder  
  135  11:00  Marine x2  
  135  11:01  Marauder  
  135  11:02  Widow Mine  
  144  11:04  Widow Mine  
  144  11:09  Marine  
  145  11:17  Marauder, Marine  
  148  11:21  Marine x3  
  148  11:22  SCV x3  
  153  11:33  Marine, Marauder  
  153  11:34  Planetary Fortress, SCV  
  153  11:36  Marine  
  153  11:38  Marauder  
  153  11:39  Marauder  
  162  11:42  Marine  
  163  11:48  Marine  
  160  11:55  Marauder  
  160  11:57  SCV  
  160  11:58  Marine, SCV  
  160  12:00  Marauder  
  160  12:01  Marauder  
  161  12:02  SCV  
  148  12:09  SCV  
  148  12:11  Marine x2  
  148  12:14  SCV  
  148  12:16  Marauder  
  148  12:20  Marine x2  
  148  12:21  Marauder  
  148  12:22  Marauder  
  144  12:29  Marine  
  137  12:32  SCV  
  137  12:35  SCV x3  
  138  12:37  Marauder  
  138  12:41  Medivac  
  138  12:42  Medivac  
  138  12:43  Marauder x2  
  138  12:44  SCV  
  143  12:45  Marine  
  143  12:47  SCV  
  132  12:52  SCV x2  
  132  12:56  SCV  
  127  12:59  Marauder, SCV  
  127  13:04  Marauder  
  127  13:05  Marauder  
  134  13:06  SCV  
  134  13:08  SCV  
  134  13:11  Marine x2, Medivac  
  140  13:13  Marine x2  
  140  13:14  Terran Infantry Weapons Level 3  
  140  13:17  SCV x2  
  140  13:18  SCV  
  145  13:20  Marauder, SCV  
  145  13:22  Liberator  
  145  13:24  Liberator  
  145  13:25  Marauder  
  145  13:26  Marauder  
  152  13:28  Terran Infantry Armor Level 3  
  152  13:29  SCV  
  152  13:34  Marine x3  
  156  13:41  Marine  
  156  13:42  Marauder  
  156  13:47  Marauder x2  
  166  13:49  Widow Mine x2  
  166  13:52  Marine  
  166  13:53  SCV x2  
  171  14:00  Marine  
  172  14:03  Marauder  
  172  14:07  Marine x2  
  172  14:08  Marauder  
  172  14:09  Marauder  
  180  14:12  Marine  
  181  14:20  Marine  
  182  14:24  Marauder  
  182  14:25  Marine  
  182  14:29  Marauder  
  182  14:30  Marauder  
  164  14:39  Marine x2  
  164  14:42  Marine  
  164  14:43  Marine  
  147  14:46  Marauder  
  147  14:51  Marauder  
  147  14:52  Marauder  
  145  14:53  Barracks x2  
  145  14:54  Barracks  
  145  14:55  Widow Mine  
  145  14:57  Marine x2  
  145  14:58  Medivac x2  
  151  15:03  Marine x2  
  147  15:07  Marauder  
  147  15:11  Liberator x2  
  147  15:12  Marauder  
  147  15:13  Marauder  
  138  15:15  Marine x2  
  138  15:21  Marine  
  141  15:28  Marauder, Sensor Tower  
  141  15:34  Marauder x2  
  151  15:39  Marine  
  149  15:48  Widow Mine x2, Marine  
  154  15:50  Marauder, Marine x2  
  154  15:55  Marauder  
  154  15:56  Marauder, Marine  
Show
View Real Time Build Order
Export as new Build Order

Harstem Protoss - Winner!

Build Orders: 1 Gate Expand, Oracle Opening 

Get SALT Encoding   

  12  0:01  Probe  
  13  0:13  Probe  
  14  0:19  Pylon  
  14  0:25  Probe  
  15  0:33  Probe  
  15  0:39  Gateway  
  15  0:41  Probe  
  17  0:51  Assimilator  
  17  0:52  Probe  
  18  1:04  Probe  
  19  1:16  Probe  
  20  1:25  Nexus  
  20  1:34  Cybernetics Core  
  20  1:37  Probe  
  21  1:45  Assimilator  
  21  1:49  Probe  
  21  1:53  Pylon  
  22  2:01  Probe  
  22  2:03  Adept  
  23  2:13  Probe  
  26  2:18  Stargate  
  26  2:25  Probe  
  26  2:28  Warp Gate  
  27  2:31  Adept  
  29  2:38  Probe x2  
  31  2:47  Probe  
  31  2:50  Probe  
  33  2:55  Probe  
  32  2:59  Oracle  
  32  3:02  Probe  
  32  3:04  Probe  
  38  3:14  Probe  
  38  3:16  Probe  
  40  3:21  Gateway x2  
  40  3:26  Oracle, Probe  
  43  3:29  Pylon  
  43  3:31  Probe  
  42  3:38  Probe  
  46  3:45  Pylon  
  46  3:47  Adept, Probe  
  49  3:52  Probe  
  49  3:54  Oracle  
  50  4:06  Probe  
  50  4:07  Pylon  
  55  4:13  Nexus  
  55  4:14  Probe  
  55  4:18  Probe  
  56  4:26  Probe  
  56  4:30  Adept x2  
  56  4:31  Adept  
  63  4:34  Assimilator  
  63  4:36  Assimilator  
  63  4:37  Pylon, Probe  
  65  4:45  Forge  
  65  4:48  Twilight Council  
  65  4:49  Probe  
  65  4:50  Probe  
  66  5:01  Probe  
  66  5:02  Probe  
  55  5:14  Probe  
  55  5:16  Oracle  
  55  5:18  Protoss Ground Weapons Level 1, Probe  
  57  5:28  Probe  
  58  5:30  Probe  
  58  5:34  Adept  
  58  5:35  Adept x2  
  63  5:36  Probe  
  63  5:40  Gateway, Probe  
  63  5:41  Gateway  
  65  5:43  Gateway, Probe  
  65  5:45  Gateway, Resonating Glaives  
  65  5:48  Probe  
  67  5:51  Gateway  
  67  5:52  Probe  
  67  5:55  Sentry  
  69  5:59  Probe  
  69  6:00  Sentry, Adept  
  69  6:03  Pylon  
  74  6:06  Probe x2  
  74  6:09  Assimilator  
  77  6:11  Probe  
  77  6:15  Pylon, Oracle  
  77  6:21  Adept x2  
  77  6:24  Pylon  
  78  6:27  Probe  
  78  6:28  Adept  
  78  6:29  Pylon  
  78  6:31  Probe  
  82  6:34  Shield Battery  
  82  6:36  Shield Battery, Adept  
  84  6:40  Adept x2  
  84  6:43  Adept  
  90  6:50  Adept x3  
  96  6:56  Adept  
  96  6:59  Robotics Facility  
  98  7:01  Sentry  
  98  7:02  Probe  
  98  7:03  Pylon, Probe  
  98  7:04  Probe  
  103  7:10  Pylon  
  90  7:16  Phoenix  
  90  7:17  Adept x2  
  90  7:18  Adept  
  90  7:20  Photon Cannon  
  93  7:23  Probe  
  93  7:24  Probe  
  97  7:30  Photon Cannon  
  97  7:32  Probe  
  98  7:38  Adept  
  98  7:39  Blink, Adept  
  102  7:44  Probe  
  102  7:45  Probe  
  102  7:46  Probe  
  103  7:57  Probe x2  
  105  8:01  Adept x4, Probe  
  105  8:03  Protoss Ground Armor Level 1  
  112  8:09  Probe  
  108  8:13  Probe  
  108  8:15  Probe  
  110  8:21  Probe  
  110  8:26  Assimilator, Probe  
  112  8:30  Probe  
  112  8:32  Warp Prism  
  112  8:33  Probe  
  106  8:38  Probe  
  107  8:43  Probe  
  107  8:45  Stalker x3, Probe  
  113  8:48  Probe  
  113  8:52  Probe  
  113  8:53  Photon Cannon, Probe  
  115  8:57  Probe  
  115  9:00  Probe  
  117  9:06  Stalker x3  
  124  9:21  Adept x4  
  130  9:25  Robotics Bay  
  130  9:29  Pylon  
  130  9:31  Pylon  
  130  9:34  Robotics Facility  
  130  9:37  Protoss Ground Armor Level 2, Adept x2  
  132  9:44  Pylon  
  132  9:51  Stalker x2  
  128  10:00  Adept x2  
  128  10:04  Adept x4  
  140  10:07  Probe x2  
  136  10:18  Adept x2  
  126  10:24  Colossus  
  126  10:27  Stalker  
  124  10:30  Colossus  
  124  10:36  Extended Thermal Lance  
  124  10:41  Nexus  
  130  10:57  Probe  
  130  10:58  Pylon  
  130  11:04  Adept x5  
  134  11:05  Probe  
  134  11:09  Probe x2  
  134  11:10  Pylon  
  143  11:26  Stalker x4  
  151  11:34  Pylon  
  151  11:35  Pylon  
  149  11:42  Protoss Ground Armor Level 3  
  149  11:46  Stalker x4  
  155  11:51  Colossus  
  155  12:03  Probe  
  150  12:08  Forge  
  150  12:09  Adept x5  
  132  12:24  Stalker x3  
  130  12:30  Stalker x3  
  130  12:31  Stalker  
  130  12:32  Probe  
  133  12:42  Protoss Ground Weapons Level 2  
  127  12:45  Adept  
  127  12:50  Adept x3  
  117  12:51  Disruptor  
  117  12:54  Adept x2  
  111  13:00  Immortal  
  111  13:02  Probe  
  111  13:04  Probe  
  111  13:05  Probe  
  121  13:10  Adept x4  
  127  13:18  Sentry  
  127  13:19  Stalker x2  
  132  13:25  Shield Battery, Colossus  
  131  13:27  Sentry  
  131  13:32  Pylon  
  133  13:41  Stalker x3  
  133  13:42  Stalker x2  
  133  13:47  Immortal  
  141  13:50  Stalker  
  147  14:00  Adept x2  
  151  14:09  Adept x3  
  153  14:10  Stalker x2  
  153  14:13  Immortal  
  153  14:15  Adept  
  159  14:25  Adept x2  
  157  14:33  Disruptor  
  156  14:39  Stalker x3  
  152  14:52  Stalker x5  
  158  14:55  Warp Prism  
  162  15:11  Immortal  
  162  15:14  Sentry  
  162  15:20  Pylon  
  164  15:22  Pylon  
  164  15:30  Nexus, Photon Cannon  
  164  15:31  Pylon x2  
  162  15:46  Stalker x2  
  162  15:47  Stalker x4  
  178  16:03  Stalker x2  
  162  16:12  Adept x6  
Tags
 
Add a new tag
Caveats
  • Supply blocks, unpowered buildings, or Contaminate may cause inaccurate times.
  • Supply counts are checked every 10 seconds.